 Dungeon Crawl Stone Soup version 0.30.1-3-gfc49f6343a (webtiles) character file.

Game seed: 11448230840863870881

82 sampeng1 the Conjurer (level 4, 0/16 (34) HPs)
             Began as a Human Reaver on July 30, 2023.
             Slain by a gnoll
             ... wielding a +0 club
              (2 damage)
             ... on level 3 of the Dungeon.
             The game lasted 00:06:41 (2280 turns).

sampeng1 the Conjurer (Human Reaver)                Turns: 2280, Time: 00:06:41

HP:   0/16 (34)     AC:  5    Str: 20    XL:     4   Next: 70%
MP:   7/7           EV: 12    Int: 13    God:
Gold: 140           SH:  0    Dex: 12    Spells: 7/8 levels left

rFire   . . .        a - +0 hand axe
rCold   . . .        (no shield)
rNeg    . . .        b - +0 leather armour
rPois   .            (no helmet)
rElec   .            c - +1 cloak
rCorr   .            (no gloves)
SInv    .            (no boots)
Will    .....        (no amulet)
Stlth   +            f - +6 ring of strength
HPRegen 0.22/turn    (no ring)
MPRegen 0.10/turn

%: no passive effects
@: extremely drained
A: no striking features
a: no special abilities


You were on level 3 of the Dungeon.
You visited 1 branch of the dungeon, and saw 3 of its levels.

You collected 140 gold pieces.

Inventory:

Hand Weapons
 a - a +0 hand axe (weapon)
Missiles
 d - 19 stones
Armour
 b - a +0 leather armour (worn)
 c - a +1 cloak (worn)
Jewellery
 f - a +6 ring of strength (left hand)
Scrolls
 h - a scroll of poison {unknown}
Potions
 e - 3 potions of curing
 g - 2 potions of attraction
 i - 2 potions of berserk rage
 k - a potion of haste


   Skills:
 + Level 2.6 Fighting
 + Level 3.4 Axes
 + Level 2.7 Dodging
 + Level 2.5 Spellcasting
 + Level 3.5 Conjurations


You had 7 spell levels left.
You knew the following spells:

 Your Spells              Type           Power      Damage    Failure   Level
a - Kiss of Death         Conj/Necr      24%        2d7       14%         1

Your spell library contained the following spells:

 Spells                   Type           Power      Damage    Failure   Level
 Momentum Strike          Conj/Tloc      12%        3d8       22%         2
 Hailstorm                Conj/Ice       6%         3d4       38%         3


Dungeon Overview and Level Annotations

Branches:
Dungeon (3/15)

Altars:
The Shining One

Annotations:
D:3 3 runed translucent doors, suzumiya's ghost, amateur MiFi


Message History

Found a spear.
A gnoll comes into view. It is wielding a +0 whip.
The gnoll shouts! x2
A goblin comes into view. It is wielding a +0 dagger.
A gnoll comes into view. It is wielding a +0 club.
The gnoll moves out of view.
The goblin shouts!
A goblin and a gnoll come into view.
The gnoll shouts!
The gnoll moves out of view.
Something hits the withered plant.
The withered plant begins to crumble.
The withered plant crumbles away.
An endoplasm comes into view.
The endoplasm quivers.
You hit the gnoll.
The gnoll is heavily wounded.
The gnoll hits you but does no damage.
You hit the gnoll.
The gnoll is severely wounded.
You closely miss the goblin. The gnoll misses you.
The goblin closely misses you.
You barely miss the gnoll.
The gnoll is severely wounded.
You hit the goblin.
You kill the goblin!
The gnoll hits you with a +0 whip.
You hit the gnoll but do no damage. You closely miss the gnoll.
The gnoll hits you but does no damage. The gnoll hits you with a +0 whip.
The gnoll hits you with a +0 club.
You hit the gnoll.
The gnoll is lightly wounded.
You hit the gnoll.
You kill the gnoll!
The gnoll hits you with a +0 club.
* * * LOW HITPOINT WARNING * * *
You hit the gnoll but do no damage. You hit the gnoll.
The gnoll hits you with a +0 flail.
* * * LOW HITPOINT WARNING * * *
The gnoll hits you with a +0 club.
You die...

.##..#########..#...#
.##..#.......#......#
)##..#...=$..#....###
.....#.......#...##
##)..#.......#....##
##...#......W#.....########
..>..#.......#............#
#.#..# ....lb#............#
.....# #+++###gg@.........#
..#............g#.........#
#............J.g#.........#
########..#...######......#
#....# ....<..# ###..
.##.....# ).. # #.#####
~~~. ..# ..~~~


You could see suzumiya's ghost, 3 gnolls, an endoplasm and a goblin.

Vanquished Creatures
  A gnoll (D:3)
  An adder (D:2)
  3 dart slugs
  An orc (D:3)
  10 endoplasms
  A giant cockroach (D:2)
  4 hobgoblins
  4 jackals (D:3)
  4 kobolds
  4 quokkas
  4 ball pythons
  4 bats
  2 frilled lizards
  5 goblins
  A quokka skeleton (D:3)
  3 rats
52 creatures vanquished.

Notes
Turn   | Place    | Note
-------+----------+-------------------------------------------
     0 | D:1      | sampeng1 the Human Reaver began the quest for the Orb.
     0 | D:1      | Reached XP level 1. HP: 16/16 MP: 3/3
   187 | D:1      | Reached XP level 2. HP: 22/22 MP: 5/5
   656 | D:1      | Reached XP level 3. HP: 19/23 MP: 6/6
  1778 | D:2      | Reached XP level 4. HP: 17/18 MP: 5/7
  2154 | D:3      | Found a glowing golden altar of the Shining One.
  2200 | D:3      | Noticed suzumiya's ghost (amateur MiFi)
  2201 | D:3      | Found a runed translucent gate.
  2202 | D:3      | Found a runed translucent gate.
  2251 | D:3      | Found a runed translucent gate.
  2280 | D:3      | Slain by a gnoll

Illustrated notes

Levels and vault maps discovered:
D:1:      dpeg_arrival_boxorama, layout_basic, st_stairs_9
D:2:      cheibrodos_helix_gallery, layout_basic
D:3:      layout_rooms, nicolae_overflow_crystal_walls, tso_metal_star,
          gammafunk_ghost_split, serial_undead, serial_undead_f,
          serial_undead_a, serial_undead_a, serial_undead_d, serial_undead_c,
          serial_undead_b, serial_undead_d, serial_undead_d

Action                     |  1- 3 |  4- 6 || total
---------------------------+-------+-------++-------
  Melee: Hand axe          |   116 |    41 ||   157
   Cast: Kiss of Death     |     4 |     1 ||     5
    Use: Scroll            |     1 |     6 ||     7
         Potion            |     1 |       ||     1
 Armour: Leather armour    |    40 |    14 ||    54
  Dodge: Dodged            |    80 |    25 ||   105
